 Dungeon Crawl Stone Soup version 0.25.1-8-g42b30a86e7 (webtiles) character file.

Game seed: 2652462645731974125

115 Descartes the Sneak (level 4, -1/22 HPs)
             Began as a Felid Monk on Dec 27, 2020.
             Slain by an orc wizard
             ... wielding a +0 dagger
              (7 damage)
             ... on level 3 of the Dungeon.
             The game lasted 00:04:13 (3530 turns).

Descartes the Sneak (Felid Monk)                    Turns: 3530, Time: 00:04:14

Health: -1/22      AC:  1    Str:  8    XL:     4   Next: 68%
Magic:  5/5        EV: 21    Int: 12    God:
Gold:   114        SH:  5    Dex: 18    Spells: 3/3 levels left
                                        Lives:  0   Deaths: 1

rFire    . . .     SeeInvis +     - Unarmed
rCold    . . .     Gourm    .   (shield unavailable)
rNeg     . . .     Faith    .   (armour unavailable)
rPois    .         Spirit   .   (helmet unavailable)
rElec    .         Reflect  +   (cloak unavailable)
rCorr    .         Harm     .   (gloves unavailable)
MR       .....                  (boots unavailable)
Stlth    ++++......             g - amulet of reflection
HPRegen  0.07/turn              (no ring)
MPRegen  0.09/turn              i - ring of flight

@: slowed, slow
A: very small, no armour, no weapons or thrown items, stealth, claws 1, fangs 3,
see invisible, carnivore, speed 1, shaggy fur 1, slow metabolism 1, sharp paws
a: Evoke Flight


You were on level 3 of the Dungeon.
You were very full.

You visited 1 branch of the dungeon, and saw 3 of its levels.

You collected 204 gold pieces.
You spent 90 gold pieces at shops.

Inventory:

Missiles
 b - 12 arrows
 c - 38 stones
Jewellery
 g - an amulet of reflection (around neck)
 h - an uncursed amulet of guardian spirit {unknown}
 i - a ring of flight (right paw)
 r - an uncursed ring of wizardry {unknown}
Scrolls
 e - 4 scrolls of identify {unknown}
 k - a scroll of remove curse
 l - a scroll of noise {unknown}
 n - 2 scrolls of teleportation {unknown}
 o - a scroll of amnesia {unknown}
 s - a scroll of fear {unknown}
Potions
 d - 5 potions of curing
 f - a potion of might {unknown}
 m - 2 potions of heal wounds {unknown}
 p - 2 potions of degeneration {unknown}
 q - a potion of haste {unknown}
Comestibles
 a - 8 rations


   Skills:
 + Level 3.9 Fighting
 + Level 5.2 Dodging
 * Level 5.8 Stealth
 + Level 3.9 Unarmed Combat


You had 3 spell levels left.
You didn't know any spells.
Your spell library was empty.

Dungeon Overview and Level Annotations

Branches:
Dungeon (3/15)

Altars:
Hepliaklqana
Makhleb
Wu Jian
Zin


Innate Abilities, Weirdness & Mutations

You cannot wear armour.
You are incapable of wielding weapons or throwing items.
Your paws allow you to move quietly. (Stealth)
You have sharp claws.
You have razor-sharp teeth.
You have supernaturally acute eyesight. (SInv)
You are carnivorous and can eat meat at any time.
You cover ground quickly.
You are covered in fur. (AC +1)
You have a slow metabolism.
Your sharp claws are effective at attacking unaware monsters.


Message History

* * * LOW HITPOINT WARNING * * *
You are too injured to fight recklessly!
You are too injured to fight recklessly!
You are too injured to fight recklessly!
You are too injured to fight recklessly!
You are too injured to fight recklessly!
You are too injured to fight recklessly!
You are too injured to fight recklessly!
You are too injured to fight recklessly!
You are too injured to fight recklessly!
You are too injured to fight recklessly!
An orc wizard is nearby!
You barely miss the orc wizard.
The orc wizard is almost dead.
The orc wizard completely misses you. The orc wizard closely misses you.
You closely miss the orc wizard.
You bite the orc wizard, but do no damage.
The orc wizard is almost dead.
The orc wizard hits you with a +0 dagger!
You die...

#.#.##### #....................
#.....# #....................
......################.###.......
##....÷.).....# #.###..≈.###
#....#######.# #.##...(≈#≈ #....#
#.########....≈.≈≈≈≈≈ #....#
####....)...<....≈≈≈≈≈≈≈ #....#
#.......o.....≈≈≈≈≈≈≈≈## ######
#......@.......P≈≈≈≈≈##
#............P≈≈≈≈≈≈≈.?
##########÷..........≈≈≈≈≈≈≈.≈...
.o.......#.##.......≈.≈≈≈P≈.≈....
########.#...#...>.≈..≈≈≈≈.≈....
#.#.#.......P≈≈≈≈≈≈P..#.
#.#[#........≈≈≈≈≈≈....
#........)...≈≈≈≈≈.P.#
###.##......≈≈≈≈≈P≈..


You could see an orc wizard (fast).

Vanquished Creatures
  An orc priest (D:3)
  A hound (D:2)
  Jessica (D:2)
  A howler monkey skeleton (D:3)
  6 adders
  2 oozes
  A dart slug (D:1)
  4 leopard geckos
  7 orcs (D:3)
  3 giant cockroaches (D:1)
  4 goblins
  7 hobgoblins
  7 kobolds
  A quokka (D:2)
  A ball python (D:2)
  6 bats
  3 frilled lizards
  3 rats
59 creatures vanquished.

Notes
Turn   | Place    | Note
-------+----------+-------------------------------------------
     0 | D:1      | Descartes the Felid Monk began the quest for the Orb.
     0 | D:1      | Reached XP level 1. HP: 10/10 MP: 2/2
   158 | D:1      | Reached XP level 2. HP: 2/14 MP: 3/3
  1310 | D:1      | Reached XP level 3. HP: 15/17 MP: 4/4
  1795 | D:2      | Noticed Jessica
  1802 | D:2      | Killed Jessica
  1802 | D:2      | Reached XP level 4. HP: 21/21 MP: 5/5
  1919 | D:2      | Found Zin's Purification Station.
  1921 | D:2      | Found a glowing silver altar of Zin.
  1973 | D:2      | Bought a potion of curing for 90 gold pieces
  2117 | D:2      | Found an ornate altar of the Wu Jian Council.
  2117 | D:2      | Found a hazy altar of Hepliaklqana.
  2283 | D:2      | Reached skill level 5 in Stealth
  2452 | D:2      | Found a burning altar of Makhleb.
  2566 | D:3      | Reached XP level 5. HP: 19/25 MP: 6/6
  2982 | D:3      | Reached skill level 5 in Dodging
  3009 | D:3      | HP: 1/25 [hobgoblin (2)]
  3495 | D:3      | Killed from afar by an orc wizard
  3496 | D:3      | Reached XP level 4. HP: 0/22 MP: 5/5
  3530 | D:3      | Slain by an orc wizard

Illustrated notes

Levels and vault maps discovered:
D:1:      giann_forest_graveyard, layout_basic, minmay_small_reverse_x
D:2:      layout_basic, makhleb_blood_cavern_becter,
          gammafunk_temple_overflow_wave, zin_purify, st_stairs_13,
          roderic_malta_cross, dk_vineyard_1, uniq_jessica
D:3:      layout_basic, serial_curves, eino_curves_03, eino_curves_01,
          kennysheep_another_room, chequers_big_river

Skill      XL: |  1  2  3  4  5 |
---------------+----------------+-----
Stealth        | 3 4 5 |  5.8
Dodging        | 5 |  5.2
Fighting       | |  3.9
Unarmed Combat | |  3.9

Action                   |  1- 3 |  4- 6 || total
-------------------------+-------+-------++-------
Melee: Unarmed           |    71 |   133 ||   204
       Bite              |     6 |    16 ||    22
       Punch             |       |     1 ||     1
  Use: Scroll            |     3 |       ||     3
 Stab: Sleeping          |     8 |     4 ||    12
  Eat: Chunk             |     9 |     8 ||    17
Armor: Skin              |     5 |     3 ||     8
Dodge: Dodged            |    54 |   102 ||   156
Block: Other             |     3 |    20 ||    23
